 Dungeon Crawl Stone Soup version 0.18-a0-1159-gf481d65 (webtiles) character file.

67 RedPan the Conjurer (level 4, -1/33 HPs)
             Began as a Draconian Conjurer on Jan 24, 2016.
             Slain by a centaur (7 damage)
             ... on level 3 of the Dungeon.
             The game lasted 00:05:19 (1755 turns).

RedPan the Conjurer (Draconian Conjurer)            Turns: 1755, Time: 00:05:19

Health: -1/33      AC:  5    Str: 10    XL:     4   Next: 0%
Magic:  9/9        EV: 12    Int: 16    God:
Gold:   126        SH:  0    Dex: 12    Spells: 1 memorised, 8 levels left

rFire  . . .     SeeInvis .     d - +0 dagger
rCold  . . .     Gourm    .     (armour unavailable)
rNeg   . . .     Faith    .     (no shield)
rPois  .         Spirit   .     (helmet restricted)
rElec  .         Dismiss  .     (no cloak)
rCorr  .         Reflect  .     (no gloves)
SustAt .         Harm     .     (no boots)
MR     .....                    m - amulet of magic regeneration
Stlth  ++........               (no ring)
                                (no ring)

@: not resistant to hostile enchantments, unstealthy
A: unfitting armour, cold-blooded, AC +5
a: no special abilities


You were on level 3 of the Dungeon.
You were not hungry.

You visited 1 branch of the dungeon, and saw 3 of its levels.

You collected 126 gold pieces.

Inventory:

Hand Weapons
 d - a +0 dagger (weapon)
Armour
 q - a +0 buckler
Jewellery
 m - an amulet of magic regeneration (around neck)
Scrolls
 f - a scroll of enchant weapon {unknown}
 h - a scroll of magic mapping {unknown}
 j - 2 scrolls of teleportation {unknown}
 l - a scroll of identify {unknown}
 n - a scroll of remove curse {unknown}
 u - a scroll of amnesia {unknown}
 w - a scroll of enchant armour {unknown}
Potions
 c - 2 potions of lignification {unknown}
 e - a potion of agility {unknown}
 i - a potion of magic {unknown}
 k - a potion of mutation {unknown}
 o - a potion of curing {unknown}
 p - a potion of resistance {unknown}
 s - a potion of flight {unknown}
 t - a potion of brilliance {unknown}
 v - a potion of heal wounds {unknown}
Books
 a - a book of Conjurations

   Spells                             Type                      Level
   a - Magic Dart                     Conjuration                  1
   b - Searing Ray                    Conjuration                  2
   c - Dazzling Spray                 Conjuration/Hexes            3
   d - Fulminant Prism                Conjuration/Hexes            4
   e - Iskenderun's Mystic Blast      Conjuration                  4
   f - Iskenderun's Battlesphere      Conjuration/Charms           5
Comestibles
 b - 2 bread rations
 g - a chunk of flesh
 r - 2 beef jerkies


   Skills:
 - Level 1.7 Dodging
 - Level 1.7 Stealth
 * Level 3.3 Spellcasting
 + Level 4.6 Conjurations


You had 8 spell levels left.
You knew the following spells:

 Your Spells              Type           Power        Failure   Level  Hunger
a - Magic Dart            Conj           ###.         2%          1    None


Dungeon Overview and Level Annotations

Branches:
Dungeon (3/15)

Altars:


Innate Abilities, Weirdness & Mutations

Your plain brown scales are hard (AC +5).
Your body does not fit into most forms of armour.
You are cold-blooded and may be slowed by cold attacks.


Message History

You hit the hobgoblin. You tail-slap the hobgoblin.
You kill the hobgoblin!
You have reached level 4!
You feel agile.
Found a ring mail.
A centaur comes into view.
The centaur shouts!
The centaur wields a shortbow.
The centaur shoots an arrow.
The arrow hits you!
You see here an arrow.
The centaur unwields an uncursed shortbow.
The centaur hits you! The centaur barely misses you.
You hit the centaur.
You tail-slap the centaur, but do no damage.
The centaur is lightly wounded.
The centaur hits you!
* * * LOW HITPOINT WARNING * * *
You hit the centaur.
The centaur is lightly wounded.
The centaur hits you!
You die...

........
####.......
#.......... .
#............
#...........#
#.<)........#
###...##....##
#...(.##......
#...@....[.#
#...c......#
###........#
###......#
.......#
......###
......#
#......#


You could see a centaur.

Vanquished Creatures
  2 adders (D:2)
  2 giant geckos (D:1)
  2 ball pythons (D:2)
  3 bats
  2 giant cockroaches (D:2)
  10 goblins
  9 hobgoblins
  4 giant newts
  5 kobolds
  7 rats
46 creatures vanquished.

Notes
Turn   | Place    | Note
--------------------------------------------------------------
     0 | D:1      | RedPan the Draconian Conjurer began the quest for the Orb.
     0 | D:1      | Reached XP level 1. HP: 14/14 MP: 3/3
   257 | D:1      | Reached XP level 2. HP: 20/20 MP: 1/5
   858 | D:2      | Reached XP level 3. HP: 26/26 MP: 1/7
  1743 | D:3      | Reached XP level 4. HP: 33/33 MP: 9/9
  1749 | D:3      | Noticed a centaur
  1755 | D:3      | Slain by a centaur

Vault maps used:
D:1:      elethiomel_arrival_maze
D:3:      first_bread

Action                   |  1- 3 |  4- 6 || total
-------------------------+-------+-------++-------
Melee: Unarmed           |    11 |       ||    11
       Dagger            |    48 |     2 ||    50
 Cast: Magic Dart        |    74 |       ||    74
 Stab: Sleeping          |     3 |       ||     3
  Eat: Chunk             |     3 |       ||     3
